 Dungeon Crawl Stone Soup version 0.20.0-8-g6b59dc7 (webtiles) character file.

195148 Monsterracer the Bludgeoner (level 18, -9/117 HPs)
             Began as a Gargoyle Fighter on May 31, 2017.
             Was the Champion of Okawaru.
             Mangled by a jumping spider (20 damage)
             ... on level 3 of the Spider Nest.
             The game lasted 01:17:32 (33029 turns).

Monsterracer the Bludgeoner (Gargoyle Fighter)     Turns: 33029, Time: 01:17:33

Health: -9/117     AC: 41    Str: 23      XL:     18   Next: 33%
Magic:  5/24       EV: 21    Int: 13 (14) God:    Okawaru [******]
Gold:   2610       SH:  0    Dex: 19      Spells: 16/17 levels left

rFire    + + .     SeeInvis +   K - +4 morningstar "Ulihun" {elec, rElec rF+ MR- SInv}
rCold    + . .     Gourm    .   N - +2 shield of Resistance {rF+ rC+ MR+}
rNeg     + + .     Faith    +   P - +3 scale mail of the Sailor {rElec rN+ MR+ Int+3 Dex+4}
rPois    ∞         Spirit   .   d - +1 hat of Tout {rElec rF- rCorr SInv}
rElec    +         Reflect  .   t - +0 cloak of the Tick {-Cast rF+ MR++ Dex-2 SInv}
rCorr    +         Harm     .   J - +2 pair of gloves {Str+3}
MR       ++++.     NoCast   +   O - +2 pair of boots
Stlth    +.........             M - amulet of faith
Regen    0.3/turn               m - +2 ring of evasion
MPRegen  0.2/turn               R - +5 ring of protection

@: confused, flying, very slightly contaminated
A: big wings, agile 1, negative energy resistance 1, electricity resistance,
unbreathing, petrification resistance, rot immunity, AC +13
}: 1/15 runes: decaying
a: Stop Flying, Heroism, Finesse, Renounce Religion


You were on level 3 of the Spider Nest.
You worshipped Okawaru.
Okawaru was exalted by your worship.
You were not hungry.

You visited 5 branches of the dungeon, and saw 30 of its levels.

You collected 3961 gold pieces.
You spent 1351 gold pieces at shops.

Inventory:

Hand Weapons
 v - a +2 demon whip of flaming
 K - the +4 morningstar "Ulihun" (weapon) {elec, rElec rF+ MR- SInv}
   (Okawaru gifted it to you on level 2 of the Orcish Mines)

   Occasionally, upon striking a foe, it will discharge some electrical energy
   and cause terrible harm.
   It protects you from fire.
   It insulates you from electricity.
   It affects your resistance to hostile enchantments.
   It lets you see invisible.
Armour
 d - the +1 hat of Tout (worn) {rElec rF- rCorr SInv}
   (Okawaru gifted it to you on level 2 of the Spider Nest)

   It makes you vulnerable to fire.
   It insulates you from electricity.
   It lets you see invisible.
   It protects you from acid and corrosion.
 t - the +0 cloak of the Tick (worn) {-Cast rF+ MR++ Dex-2 SInv}
   (Okawaru gifted it to you on level 9 of the Dungeon)

   It affects your dexterity (-2).
   It protects you from fire.
   It affects your resistance to hostile enchantments.
   It lets you see invisible.
   It prevents spellcasting.
 B - the +6 scale mail of Rotation {+Inv rF+ Str+3 Dex-5}
   (Okawaru gifted it to you on level 2 of the Lair of Beasts)

   It affects your strength (+3).
   It affects your dexterity (-5).
   It protects you from fire.
   It lets you turn invisible.
 J - a +2 pair of gloves of strength (worn)
 N - the +2 shield of Resistance (worn) {rF+ rC+ MR+}
   (You bought it in a shop on level 1 of the Orcish Mines)

   It protects you from fire.
   It protects you from cold.
   It affects your resistance to hostile enchantments.
 O - a +2 pair of boots (worn)
 P - the +3 scale mail of the Sailor (worn) {rElec rN+ MR+ Int+3 Dex+4}
   (You bought it in a shop on level 2 of the Orcish Mines)

   It affects your intelligence (+3).
   It affects your dexterity (+4).
   It insulates you from electricity.
   It protects you from negative energy.
   It affects your resistance to hostile enchantments.
Jewellery
 h - an uncursed ring of see invisible
 m - a +2 ring of evasion (left hand)
 s - an uncursed ring of resist corrosion
 I - an uncursed ring of ice
 M - an amulet of faith (around neck)
 R - a +5 ring of protection (right hand)
Wands
 a - a wand of scattershot (3/9)
 u - a wand of digging (11/24)
 A - a wand of scattershot (3/9)
 E - a wand of digging (14/24)
Scrolls
 b - 18 scrolls of identify
 e - 21 scrolls of teleportation
 i - 5 scrolls of remove curse
 j - 2 scrolls of summoning
 k - 2 scrolls of enchant armour
 n - 7 scrolls of blinking
 q - 2 scrolls of magic mapping
 x - 4 scrolls of fear
 F - 3 scrolls of recharging
 L - a scroll of fog
Potions
 g - 7 potions of curing
 r - 3 potions of resistance
 z - 4 potions of haste
 C - a potion of ambrosia
 D - 2 potions of mutation
 G - 2 potions of invisibility
Comestibles
 c - a chunk of flesh
 f - 17 bread rations
 l - 22 royal jellies
 o - 10 meat rations
 p - 35 fruits


   Skills:
 + Level 14.3 Fighting
 - Level 16.4 Maces & Flails
 + Level 14.3 Armour
 + Level 11.2 Dodging
 - Level 14.3 Stealth
 + Level 13.9 Shields
 - Level 8.0 Invocations


You had 16 spell levels left.
You knew the following spells:

 Your Spells              Type           Power        Failure   Level  Hunger
a - Summon Butterflies    Summ           #.......     56%         1    ##.....


Dungeon Overview and Level Annotations

Branches:
Dungeon (15/15)            Temple (0/1) D:7            Lair (6/6) D:8
  Swamp (4/4) Lair:4       Spider (3/4) Lair:3        Slime (0/5) Lair:6
    Orc (2/2) D:12            Elf (0/3) Orc:2        Vaults (0/5) D:13
 Depths (0/5) D:15

Altars:
Cheibriados
Fedhas
Gozag
Hepliaklqana
Kikubaaqudgha
Nemelex Xobeh
Okawaru
Qazlal
Ru
Sif Muna
Uskayaw
Vehumet
Yredelemnul
The Shining One
Beogh

Shops:
Orc:1 *=%?=   Orc:2 }[?}

Annotations:
Lair:5 exclusion: 2 oklob plants


Innate Abilities, Weirdness & Mutations

You are resistant to torment.
Your stone body is resilient. (AC +13)
You are immune to poison.
Your large and strong wings let you fly indefinitely.
You resist negative energy. (rN+)
You are resistant to electric shocks. (rElec)
You can survive without breathing.
You are immune to petrification.
You are immune to rotting.
You are agile. (Dex +2)


Message History

The jumping spider pounces on you.
* * * LOW HITPOINT WARNING * * *
You are caught in a web!
The jumping spider bites you but does no damage.
The jumping spider pounces on you.
* * * LOW HITPOINT WARNING * * *
You are even more entangled.
The jumping spider bites you but does no damage.
There is a web here.
The web tears apart.
You hear an angry hiss.
You block the jumping spider's attack. x2
The jumping spider completely misses you.
The jumping spider bites you but does no damage.
You are confused.
You feel invigorated.
The jumping spider completely misses you.
The jumping spider closely misses you. The tarantella completely misses you.
The jumping spider pounces on you!!
You die...

##.$..#^!#.......
#..#.............
##....#.#......##
##......^s#......#
#......#....#...#..
#..........^.......
##.........#..#^..#
##.....^#ss...#..#
#......##@........
##.#.#.<.#........
#...........#....
#.......^........
##.....^#........
################


You could see a wolf spider (wandering), a jumping spider (berserk) and a
tarantella (berserk).

Vanquished Creatures
  the Lernaean hydra (Swamp:4)
  Nikola (Swamp:4)
  A tengu reaver (D:13)
  2 thorn hunters
  A ghost moth (Spider:3)
  2 entropy weavers (Spider:1)
  Nessos (D:15)
  A vampire knight (D:13)
  A deep elf annihilator (D:13)
  Azrael (Orc:2)
  2 ettins
  Snorg (D:14)
  A rakshasa (D:9)
  An ice dragon (shapeshifter) (D:15)
  15 hydras
  A merfolk avatar (Lair:6)
  6 centaur warriors
  An ice dragon (D:13)
  A vault guard (D:13)
  A ghost crab (Swamp:3)
  13 two-headed ogres
  A death knight (D:13)
  4 alligators
  5 death yaks (Lair:2)
  A deep troll earth mage (D:13)
  7 ogre magi
  Nergalle (Orc:2)
  A hell knight (D:15)
  2 wizards (D:13)
  2 spriggan druids
  13 swamp dragons
  3 unseen horrors
  5 orc knights
  2 harpies (Lair:6)
  18 orb spiders
  A necromancer (D:13)
  2 oklob plants (Lair:1)
  3 deep elf magi
  8 ugly things
  16 wolf spiders
  8 orc sorcerers (Orc:2)
  4 manticores
  2 cyclopes
  5 elephants (Lair:5)
  A moth of wrath (Spider:2)
  4 black mambas
  3 torpor snails
  25 spiny frogs
  3 centaur zombies
  11 komodo dragons
  4 demonic crawlers
  A tengu conjurer (D:15)
  4 rime drakes
  5 trolls
  32 jumping spiders
  3 meliai (Spider:2)
  6 polar bears (Lair:6)
  3 wind drakes (Lair:6)
  20 slime creatures
  6 bog bodies
  13 hornets
  13 blink frogs
  5 tyrant leeches
  10 dream sheep
  7 hippogriffs
  2 shadows
  A vampire (D:14)
  8 spriggans
  A wraith (D:11)
  3 fire elementals (Orc:2)
  42 redbacks
  62 yaks
  20 humans (D:13)
  2 basilisks
  13 tarantellas
  6 wyverns
  A hog (shapeshifter) (D:15)
  3 hungry ghosts
  8 vampire mosquitoes
  21 insubstantial wisps
  Edmund (D:4)
  A soldier ant (D:11)
  3 wargs (Orc:2)
  3 hell hounds (Orc:2)
  An acid dragon (D:13)
  17 swamp worms
  5 porcupines
  14 swamp drakes
  5 sky beasts
  33 orc warriors
  3 eyes of draining
  16 water moccasins
  2 black bears
  3 ice beasts
  3 phantoms
  A necrophage (D:10)
  14 ogres
  7 wolves
  12 centaurs
  13 crocodiles
  23 bullfrogs
  3 big kobolds
  A gnoll sergeant (D:9)
  4 scorpions
  18 killer bees
  5 wights (D:8)
  5 electric eels
  A howler monkey (D:3)
  12 crimson imps
  8 hounds
  3 quasits (D:11)
  A bullfrog zombie (D:11)
  7 jellies
  22 orc priests
  A gnoll shaman (D:6)
  3 iguanas
  41 orc wizards
  A bullfrog skeleton (D:10)
  Natasha (thrice) (D:2)
  11 worker ants
  A hound skeleton (D:10)
  A howler monkey zombie (D:6)
  2 worker ant zombies
  14 gnolls
  10 adders
  A howler monkey skeleton (D:10)
  5 shadow imps
  An ooze (D:3)
  3 adder skeletons
  A worm (D:4)
  4 dart slugs
  3 leopard geckos
  108 orcs
  4 bats
  5 giant cockroaches
  11 goblins
  9 hobgoblins
  11 jackals
  5 quokkas
  2 ball pythons (D:5)
  5 frilled lizards
  33 kobolds
  2 leopard gecko skeletons (D:7)
  A quokka zombie (D:7)
  4 rats
  A butterfly (Lair:2)
  A plant (Lair:5)
1119 creatures vanquished.

Vanquished Creatures (others)
  A spriggan (Swamp:2)
  A shadow (D:11)
  2 orc wizards
  14 fungi
  18 plants
36 creatures vanquished.

Grand Total: 1155 creatures vanquished

Notes
Turn   | Place    | Note
-------+----------+-------------------------------------------
     0 | D:1      | Monsterracer the Gargoyle Fighter began the quest for the Orb.
     0 | D:1      | Reached XP level 1. HP: 14/14 MP: 1/1
   276 | D:1      | Reached XP level 2. HP: 17/19 MP: 2/2
   633 | D:2      | Reached skill level 3 in Maces & Flails
   784 | D:2      | Found an opulent altar of Gozag.
   909 | D:2      | Reached XP level 3. HP: 20/23 MP: 3/3
  1062 | D:2      | Found a blossoming altar of Fedhas.
  1062 | D:2      | Found an opulent altar of Gozag.
  1065 | D:2      | Noticed Natasha
  1075 | D:2      | Killed Natasha
  1075 | D:2      | Reached skill level 4 in Maces & Flails
  1297 | D:2      | Reached XP level 4. HP: 28/28 MP: 4/4
  1339 | D:2      | Noticed Natasha
  1346 | D:2      | Killed Natasha
  1483 | D:2      | Noticed Natasha
  1487 | D:2      | Killed Natasha
  1615 | D:3      | Reached skill level 5 in Maces & Flails
  1615 | D:3      | Reached XP level 5. HP: 32/32 MP: 5/5
  1896 | D:3      | Found a deep blue altar of Sif Muna.
  1897 | D:3      | Found an iron altar of Okawaru.
  1991 | D:3      | Became a worshipper of Warmaster Okawaru
  2084 | D:3      | Reached skill level 6 in Maces & Flails
  2084 | D:3      | Reached XP level 6. HP: 31/37 MP: 6/6
  2333 | D:4      | Found a sparkling altar of Nemelex Xobeh.
  2351 | D:4      | Found a hide-covered altar of Uskayaw.
  2354 | D:4      | Noticed a hand axe
  2355 | D:4      | Noticed a hand axe
  2561 | D:4      | Found a snail-covered altar of Cheibriados.
  2587 | D:4      | Noticed Edmund
  2605 | D:4      | Killed Edmund
  2605 | D:4      | Reached * piety under Okawaru
  2605 | D:4      | Reached skill level 7 in Maces & Flails
  2870 | D:4      | Noticed a water elemental
  2875 | D:4      | Found a stormy altar of Qazlal.
  2877 | D:4      | Noticed a fire elemental
  2877 | D:4      | Noticed an air elemental
  3183 | D:5      | Entered Level 5 of the Dungeon
  3552 | D:5      | Reached XP level 7. HP: 29/41 MP: 7/7
  3883 | D:5      | Reached skill level 1 in Dodging
  3883 | D:5      | Reached skill level 1 in Invocations
  3919 | D:5      | Found an ancient bone altar of Kikubaaqudgha.
  4071 | D:5      | Reached ** piety under Okawaru
  4222 | D:5      | Found a sacrificial altar of Ru.
  4275 | D:5      | Reached XP level 8. HP: 35/48 MP: 9/9
  4624 | D:5      | Gained mutation: You are agile. (Dex +2) [potion of mutation]
  4624 | D:5      | Gained mutation: Armour fits poorly on your strangely shaped body. [potion of mutation]
  4624 | D:5      | Gained mutation: You are robust. (+10% HP) [potion of mutation]
  4624 | D:5      | Gained mutation: You have sharp toenails. [potion of mutation]
  4733 | D:5      | Got a brightly glowing platinum ring
  4734 | D:5      | Identified the ring "Tyskonox" {Wiz Str+4 Dex+3 Slay-4} (You found it on level 5 of the Dungeon)
  5084 | D:6      | Reached skill level 8 in Maces & Flails
  5416 | D:6      | Reached *** piety under Okawaru
  5985 | D:7      | Reached skill level 5 in Shields
  5985 | D:7      | Reached XP level 9. HP: 56/57 MP: 11/11
  6111 | D:7      | Reached skill level 5 in Fighting
  6114 | D:7      | Reached skill level 5 in Armour
  6409 | D:7      | Found a basalt altar of Yredelemnul.
  6459 | D:7      | Reached skill level 9 in Maces & Flails
  6654 | D:7      | Got a blackened scale mail
  6655 | D:7      | Identified the +1 scale mail "Dygi" {rF+ rN++ MR+} (You took it off a goblin on level 7 of the Dungeon)
  6786 | D:7      | Found a hazy altar of Hepliaklqana.
  6887 | D:7      | Found a staircase to the Ecumenical Temple.
  7091 | D:8      | Reached **** piety under Okawaru
  7154 | D:8      | Noticed a two-headed ogre
  7178 | D:8      | Killed a two-headed ogre
  7178 | D:8      | Reached skill level 5 in Invocations
  7178 | D:8      | Reached XP level 10. HP: 35/66 MP: 13/13
  7580 | D:8      | Reached ***** piety under Okawaru
  8113 | D:8      | Found a staircase to the Lair.
  8173 | D:8      | Reached skill level 10 in Maces & Flails
  8603 | D:9      | Got a twisted robe
  8614 | D:9      | Identified the +2 robe of the Flute {rF+ rCorr Str-5 Stlth+} (You found it on level 9 of the Dungeon)
  8965 | D:9      | Noticed a rakshasa
  8999 | D:9      | Killed a rakshasa
  8999 | D:9      | Received a gift from Okawaru
  8999 | D:9      | Reached XP level 11. HP: 65/72 MP: 9/15
  9002 | D:9      | Got a warped cloak {god gift}
  9008 | D:9      | Identified the +0 cloak of the Tick {-Cast rF+ MR++ Dex-2 SInv} (Okawaru gifted it to you on level 9 of the Dungeon)
  9129 | D:9      | Noticed a centaur warrior
  9150 | D:9      | Killed a centaur warrior
  9232 | Lair:1   | Entered Level 1 of the Lair of Beasts
  9384 | Lair:1   | Reached skill level 5 in Dodging
  9888 | Lair:1   | Reached skill level 11 in Maces & Flails
 10020 | Lair:1   | Noticed an oklob plant
 10053 | Lair:1   | Noticed an oklob plant
 10067 | Lair:1   | Killed an oklob plant
 10077 | Lair:1   | Killed an oklob plant
 10116 | Lair:1   | Lost mutation: You are robust. (+10% HP) [potion of mutation]
 10116 | Lair:1   | Lost mutation: Armour fits poorly on your strangely shaped body. [potion of mutation]
 10116 | Lair:1   | Lost mutation: You are agile. (Dex +2) [potion of mutation]
 10116 | Lair:1   | Lost mutation: You have sharp toenails. [potion of mutation]
 10116 | Lair:1   | Gained mutation: You are agile. (Dex +2) [potion of mutation]
 10116 | Lair:1   | Gained mutation: You possess an exceptional clarity of mind. [potion of mutation]
 10349 | Lair:2   | Noticed a six-headed hydra
 10354 | Lair:2   | Killed a six-headed hydra
 10784 | Lair:2   | Reached XP level 12. HP: 70/73 MP: 17/17
 10835 | Lair:2   | Received a gift from Okawaru
 10838 | Lair:2   | Got a crude scale mail {god gift}
 10849 | Lair:2   | Identified the +6 scale mail of Rotation {+Inv rF+ Str+3 Dex-5} (Okawaru gifted it to you on level 2 of the Lair of Beasts)
 10888 | Lair:2   | Noticed a death yak
 10891 | Lair:2   | Noticed a death yak
 10892 | Lair:2   | Noticed a death yak
 10893 | Lair:2   | Noticed a death yak
 10912 | Lair:2   | Noticed a death yak
 10924 | Lair:2   | Killed a death yak
 10937 | Lair:2   | Killed a death yak
 10948 | Lair:2   | Killed a death yak
 10954 | Lair:2   | Killed a death yak
 10961 | Lair:2   | Killed a death yak
 10961 | Lair:2   | Reached skill level 12 in Maces & Flails
 11180 | Lair:2   | Identified a scroll of acquirement
 11774 | Lair:3   | Found a hole to the Spider Nest.
 12418 | Lair:3   | Noticed a seven-headed hydra
 12424 | Lair:3   | Killed a seven-headed hydra
 13021 | Lair:4   | Reached ****** piety under Okawaru
 13127 | Lair:4   | Reached XP level 13. HP: 80/80 MP: 18/18
 13205 | Lair:4   | Found a staircase to the Swamp.
 13369 | Lair:4   | Reached skill level 13 in Maces & Flails
 14196 | Lair:5   | Received a gift from Okawaru
 14657 | Lair:6   | Entered Level 6 of the Lair of Beasts
 14832 | Lair:5   | Reached skill level 10 in Shields
 14966 | Lair:6   | Reached skill level 10 in Armour
 15315 | Lair:6   | Reached skill level 10 in Fighting
 16034 | Lair:6   | Reached skill level 14 in Maces & Flails
 16047 | Lair:6   | Received a gift from Okawaru
 16187 | Lair:6   | Gained mutation: Your large and strong wings let you fly indefinitely. [Gargoyle growth]
 16187 | Lair:6   | Reached XP level 14. HP: 83/88 MP: 19/19
 16311 | Lair:6   | Found a staircase to the Slime Pits.
 17402 | D:10     | Entered Level 10 of the Dungeon
 19197 | D:11     | Received a gift from Okawaru
 19906 | D:12     | Reached skill level 15 in Maces & Flails
 20313 | D:12     | Found a staircase to the Orcish Mines.
 20541 | Orc:1    | Entered Level 1 of the Orcish Mines
 20541 | Orc:1    | Found Fecoakou's Magic Scroll Emporium.
 20546 | Orc:1    | Bought a scroll of blinking for 105 gold pieces
 20548 | Orc:1    | Learned a level 1 spell: Summon Butterflies
 20574 | Orc:1    | Found Vakhliwe's Jewellery Shop.
 20583 | Orc:1    | Found Elefreid's Jewellery Shoppe.
 20588 | Orc:1    | Found Posuif's Food Shop.
 20604 | Orc:1    | Reached skill level 1 in Stealth
 20604 | Orc:1    | Reached XP level 15. HP: 95/95 MP: 12/20
 20896 | Orc:2    | Entered Level 2 of the Orcish Mines
 20998 | Orc:2    | Noticed Azrael
 21041 | Orc:2    | Killed Azrael
 21041 | Orc:2    | Received a gift from Okawaru
 21044 | Orc:2    | Got a crude morningstar {god gift}
 21337 | Orc:2    | Identified the +4 morningstar "Ulihun" {elec, rElec rF+ MR- SInv} (Okawaru gifted it to you on level 2 of the Orcish Mines)
 21440 | Orc:1    | Found a radiant altar of Vehumet.
 21666 | Orc:1    | Found Faixuosu's General Store.
 21674 | Orc:1    | Bought the +2 shield of Resistance {rF+ rC+ MR+} for 575 gold pieces
 21997 | Orc:2    | Lost mutation: You possess an exceptional clarity of mind. [a neqoxec]
 22005 | Orc:2    | Found a staircase to the Elven Halls.
 22250 | Orc:2    | Found Cuzoaps's Gadget Shop.
 22276 | Orc:2    | Found an ancient bone altar of Kikubaaqudgha.
 22278 | Orc:2    | Noticed Nergalle
 22299 | Orc:2    | Killed Nergalle
 22308 | Orc:2    | Found Tommutoim's Antique Armour Shop.
 22337 | Orc:2    | Found a radiant altar of Vehumet.
 22364 | Orc:2    | Bought a pair of glowing boots for 157 gold pieces
 22379 | Orc:2    | Bought a jewelled scale mail for 189 gold pieces
 22379 | Orc:2    | Bought a pitted scale mail for 189 gold pieces
 22379 | Orc:2    | Identified the +5 scale mail "Cigid" {+Fly rF+ Str+3 Dex-3} (You bought it in a shop on level 2 of the Orcish Mines)
 22380 | Orc:2    | Identified the +3 scale mail of the Sailor {rElec rN+ MR+ Int+3 Dex+4} (You bought it in a shop on level 2 of the Orcish Mines)
 22399 | Orc:2    | Found a roughly hewn altar of Beogh.
 22399 | Orc:2    | Found Qookk's Gadget Shop.
 22410 | Orc:2    | Found Izxefod's Magic Scroll Boutique.
 22479 | Orc:2    | Bought a scroll of enchant armour for 97 gold pieces
 22479 | Orc:2    | Bought a scroll of teleportation for 39 gold pieces
 22933 | D:13     | Reached skill level 5 in Stealth
 23147 | D:13     | Noticed a tengu reaver
 23158 | D:13     | Killed a tengu reaver
 23158 | D:13     | Received a gift from Okawaru
 23654 | D:13     | Reached skill level 16 in Maces & Flails
 23675 | D:13     | Received a gift from Okawaru
 23786 | D:13     | Found a gate to the Vaults.
 24371 | D:14     | Noticed Snorg
 24378 | D:14     | Killed Snorg
 24418 | D:14     | Reached XP level 16. HP: 101/101 MP: 21/21
 25048 | D:15     | Entered Level 15 of the Dungeon
 25520 | D:15     | Received a gift from Okawaru
 25617 | D:15     | Found a glowing golden altar of the Shining One.
 26047 | D:15     | Noticed Nessos
 26056 | D:15     | Killed Nessos
 26174 | D:15     | Found a staircase to the Depths.
 26347 | D:14     | Received a gift from Okawaru
 26563 | Swamp:1  | Entered Level 1 of the Swamp
 26589 | Swamp:1  | Reached skill level 10 in Stealth
 26729 | Swamp:1  | Noticed a thorn hunter
 26746 | Swamp:1  | Killed a thorn hunter
 27253 | Swamp:2  | Reached skill level 10 in Dodging
 27294 | Swamp:2  | Received a gift from Okawaru
 27929 | Swamp:3  | Reached XP level 17. HP: 108/108 MP: 22/22
 28397 | Swamp:4  | Entered Level 4 of the Swamp
 28440 | Swamp:4  | Received a gift from Okawaru
 28460 | Swamp:4  | Got a translucent mace {god gift}
 28461 | Swamp:4  | Identified the +4 mace "Giantbane" {flame, rElec rPois Int+6 Dex-4} (Okawaru gifted it to you on level 4 of the Swamp)
 28575 | Swamp:4  | Noticed Nikola
 28592 | Swamp:4  | Killed Nikola
 28931 | Swamp:4  | Received a gift from Okawaru
 28942 | Swamp:4  | Noticed the 27-headed Lernaean hydra
 28956 | Swamp:4  | Killed the 27-headed Lernaean hydra
 29229 | Swamp:4  | Got a decaying rune of Zot
 29698 | Spider:1 | Entered Level 1 of the Spider Nest
 30071 | Spider:1 | Received a gift from Okawaru
 30700 | Spider:1 | Received a gift from Okawaru
 31103 | Spider:2 | Received a gift from Okawaru
 31338 | Spider:2 | Reached XP level 18. HP: 109/116 MP: 23/23
 31829 | Spider:2 | Got a jewelled hat {god gift}
 31840 | Spider:2 | Identified the +1 hat of Tout {rElec rF- rCorr SInv} (Okawaru gifted it to you on level 2 of the Spider Nest)
 33029 | Spider:3 | Mangled by a jumping spider

Skill      XL: |  1  2  3  4  5  6  7  8  9 10 11 12 13 14 15 16 17 18 |
---------------+-------------------------------------------------------+-----
Maces & Flails | 3 4 5 6 7 8 9 10 11 12 14 15 16 | 16.4
Dodging        | 1 2 3 4 5 6 7 8 9 10 11 | 11.2
Invocations    | 2 3 5 6 7 8 |  8.0
Shields        | 4 5 6 7 8 9 10 11 12 13 | 13.9
Fighting       | 4 5 6 7 9 10 11 12 13 14 | 14.3
Armour         | 4 5 7 8 9 10 11 12 13 14 | 14.3
Stealth        | 1 7 11 13 14 | 14.3

Action                   |  1- 3 |  4- 6 |  7- 9 | 10-12 | 13-15 | 16-18 || total
-------------------------+-------+-------+-------+-------+-------+-------++-------
Melee: Flail             |   101 |   165 |   522 |   614 |       |       ||  1402
       Eveningstar       |       |       |       |   237 |  1210 |       ||  1447
       Morningstar       |       |       |       |       |   542 |  1419 ||  1961
Invok: Heroism           |       |     1 |     8 |    12 |    12 |     6 ||    39
       Finesse           |       |       |       |     4 |     3 |     4 ||    11
 Abil: Fly               |       |       |       |       |     1 |       ||     1
  Use: Potion            |     4 |     1 |     7 |     5 |     2 |     2 ||    21
       Scroll            |       |     8 |     5 |     6 |    12 |     8 ||    39
 Stab: Invisible         |       |       |     2 |       |       |       ||     2
       Distracted        |       |       |       |     1 |       |     2 ||     3
       Sleeping          |       |       |       |       |     2 |    21 ||    23
       Confused          |       |       |       |       |       |     1 ||     1
  Eat: Chunk             |     1 |     7 |    22 |    21 |    33 |    23 ||   107
       Meat ration       |       |       |       |       |     1 |       ||     1
       Fruit             |       |       |       |       |       |     5 ||     5
       Royal jelly       |       |       |       |       |       |     1 ||     1
Armor: Chain mail        |    62 |    82 |    66 |       |       |       ||   210
       Scale mail        |     1 |       |    84 |   213 |   584 |   615 ||  1497
Dodge: Dodged            |    21 |    37 |   193 |   282 |   663 |   935 ||  2131
Block: Shield            |    63 |    89 |   273 |   387 |   953 |  1226 ||  2991
